 Dungeon Crawl Stone Soup version 0.23.1 (webtiles) character file.

Game seed: 5971139576240673816

254 esteth the Ruffian (level 6, -5/61 HPs)
             Began as an Ogre Transmuter on Mar 7, 2019.
             Was a Follower of Okawaru.
             Slain by an ogre
             ... wielding a +0 giant club
              (10 damage)
             ... on level 4 of the Dungeon.
             The game lasted 00:08:20 (3088 turns).

esteth the Ruffian (Ogre Transmuter)                Turns: 3088, Time: 00:08:20

Health: -5/61      AC:  3    Str: 15    XL:     6   Next: 15%
Magic:  4/9        EV:  9    Int: 16    God:    Okawaru [*.....]
Gold:   118        SH:  0    Dex:  9    Spells: 3/9 levels left

rFire    . . .     SeeInvis .   c - +0 dagger (elec)
rCold    . . .     Gourm    .   (no shield)
rNeg     + . .     Faith    .   b - +0 robe
rPois    .         Spirit   .   (helmet restricted)
rElec    .         Reflect  .   (no cloak)
rCorr    .         Harm     .   (gloves unavailable)
MR       .....                  (boots unavailable)
Stlth    +.........             (no amulet)
HPRegen  0.20/turn              i - ring of positive energy
MPRegen  0.11/turn              (no ring)

@: drained
A: large, unfitting armour, tough skin 1
a: Heroism, Renounce Religion


You were on level 4 of the Dungeon.
You worshipped Okawaru.
Okawaru was aware of your devotion.
You were hungry.

You visited 1 branch of the dungeon, and saw 4 of its levels.

You collected 118 gold pieces.

Inventory:

Hand Weapons
 c - a +0 dagger of electrocution (weapon)
Missiles
 a - 39 arrows (quivered)
Armour
 b - a +0 robe (worn)
Jewellery
 i - a ring of positive energy (left hand)
Scrolls
 f - 3 scrolls of remove curse
 g - 3 scrolls of enchant armour {unknown}
 h - 3 scrolls of magic mapping
 j - a scroll of fog
 l - a scroll of identify
Potions
 n - a potion of agility
Comestibles
 d - 2 rations


   Skills:
 + Level 3.5(2.5) Fighting
 - Level 1.7(0.8) Dodging
 + Level 4.3(3.3) Unarmed Combat
 - Level 2.4(1.4) Spellcasting
 - Level 3.0(2.0) Transmutations
 + Level 2.1(1.1) Poison Magic


You had 3 spell levels left.
You knew the following spells:

 Your Spells              Type           Power        Failure   Level  Hunger
a - Beastly Appendage     Tmut           #.....       10%         1    ##.....
b - Sticks to Snakes      Tmut           #.......     14%         2    ###....
c - Spider Form           Tmut/Pois      #.........   34%         3    ####...

Your spell library contained the following spells:

 Spells                   Type           Power        Failure   Level  Hunger
 Ice Form                 Ice/Tmut       #.......     82%         4    #####..
 Blade Hands              Tmut           #.........   95%         5    ######.


Dungeon Overview and Level Annotations

Branches:
Dungeon (4/15)
 Temple: D:4-7

Altars:
Dithmenos
Gozag
Makhleb
Okawaru
Wu Jian


Innate Abilities, Weirdness & Mutations

You are too large for most types of armour.
You have tough skin. (AC +1)


Message History

Your ball python bites the ogre.
Your ball python bites the ogre but does no damage.
Your ball python bites the ogre.
Your ball python bites the ogre.
Found a stone staircase leading down.
Your ball python bites the ogre.
Your ball python bites the ogre but does no damage.
You hit the ogre.
The ogre is almost dead.
The ogre hits you with a +0 giant club!
* * * LOW HITPOINT WARNING * * *
Your ball python bites the ogre.
Your magical contamination has completely faded away.
Your ball python closely misses the ogre.
A worm comes into view.
Okay, then.
You hit the ogre.
The ogre is almost dead.
The ogre hits you with a +0 giant club!
You die...

#..# #..#
...###..#
#......#
....####S#
># #S# #.#
##.#.#####.#
.w.....@OS.#
.....#######
##.


You could see an ogre, a worm and a friendly ball python.

Vanquished Creatures
  Menkaure (D:4)
  Natasha (D:3)
  6 gnolls (D:3)
  An adder (D:2)
  An ooze (D:1)
  A worm (D:2)
  A dart slug (D:1)
  A leopard gecko (D:1)
  2 ball pythons
  6 giant cockroaches
  5 goblins
  3 hobgoblins
  3 quokkas
  10 bats
  3 frilled lizards
  5 kobolds
  8 rats
58 creatures vanquished.

Vanquished Creatures (collateral kills)
  A howler monkey (D:4)
  Natasha (D:3)
  A gnoll (D:3)
  A hobgoblin (D:1)
  A kobold (D:1)
5 creatures vanquished.

Grand Total: 63 creatures vanquished

Notes
Turn   | Place    | Note
-------+----------+-------------------------------------------
     0 | D:1      | esteth the Ogre Transmuter began the quest for the Orb.
     0 | D:1      | Reached XP level 1. HP: 19/19 MP: 3/3
   103 | D:1      | Reached XP level 2. HP: 20/27 MP: 5/5
   474 | D:1      | Learned a level 2 spell: Sticks to Snakes
   644 | D:1      | HP: 1/40 [goblin/+0 dagger of electrocution (8)]
   646 | D:1      | Reached skill level 3 in Unarmed Combat
   986 | D:1      | Reached XP level 3. HP: 31/33 MP: 6/6
  1023 | D:1      | Learned a level 3 spell: Spider Form
  1498 | D:2      | Found an opulent altar of Gozag.
  1832 | D:2      | Found an iron altar of Okawaru.
  1833 | D:2      | Found an ornate altar of the Wu Jian Council.
  1838 | D:2      | Became a worshipper of Warmaster Okawaru
  1869 | D:2      | Reached XP level 4. HP: 39/41 MP: 7/7
  2061 | D:3      | Noticed Natasha
  2072 | D:3      | Killed Natasha
  2378 | D:3      | Reached skill level 1 in Poison Magic
  2436 | D:3      | Noticed Natasha
  2443 | D:3      | Killed Natasha
  2443 | D:3      | Reached XP level 5. HP: 27/50 MP: 3/8
  2564 | D:3      | Found a burning altar of Makhleb.
  2564 | D:3      | Noticed a green death
  2677 | D:3      | Found a shadowy altar of Dithmenos.
  2741 | D:3      | Reached skill level 4 in Unarmed Combat
  2991 | D:4      | Noticed Menkaure
  3007 | D:4      | Killed Menkaure
  3007 | D:4      | Reached * piety under Okawaru
  3007 | D:4      | Reached XP level 6. HP: 22/61 MP: 9/9
  3088 | D:4      | Slain by an ogre

Skill      XL: |  1  2  3  4  5 |
---------------+----------------+-----
Transmutations | 2 3 |  3.0
Unarmed Combat | 3 4 |  4.3
Fighting       | 2 3 |  3.5
Poison Magic   | 1 2 |  2.1
Dodging        | |  1.7
Spellcasting   | |  2.4

Action                   |  1- 3 |  4- 6 || total
-------------------------+-------+-------++-------
Melee: Unarmed           |    75 |     8 ||    83
       Dagger            |    66 |    57 ||   123
       Punch             |     1 |       ||     1
 Cast: Sticks to Snakes  |     1 |    14 ||    15
       Beastly Appendage |       |     2 ||     2
       Spider Form       |       |     1 ||     1
  Use: Potion            |     3 |     3 ||     6
       Scroll            |     3 |       ||     3
 Stab: Distracted        |     1 |       ||     1
  Eat: Chunk             |     3 |     1 ||     4
       Ration            |       |     1 ||     1
Armor: Robe              |    67 |    16 ||    83
       Skin              |     2 |     1 ||     3
Dodge: Dodged            |    96 |    30 ||   126
